 Dungeon Crawl Stone Soup version 0.22-a0-422-g9628fc8 (webtiles) character file.

219 Borgoz the Skirmisher (level 5, -6/33 HPs)
             Began as a Gargoyle Abyssal Knight on May 16, 2018.
             Was a Believer of Lugonu.
             Mangled by a gnoll
             ... wielding a +0 halberd
              (11 damage)
             ... on level 3 of the Dungeon.
             The game lasted 00:03:01 (2303 turns).

Borgoz the Skirmisher (Gargoyle Abyssal Knight)     Turns: 2303, Time: 00:03:02

Health: -6/33      AC: 15    Str: 16    XL:     5   Next: 96%
Magic:  7/7        EV:  5    Int: 12    God:    Lugonu [**....]
Gold:   91         SH:  0    Dex: 10    Spells: 4/4 levels left

rFire    . . .     SeeInvis .   a - +1 hand axe
rCold    . . .     Gourm    .   (no shield)
rNeg     + . .     Faith    .   d - +0 plate armour
rPois    ∞         Spirit   .   (no helmet)
rElec    +         Reflect  .   (no cloak)
rCorr    .         Harm     .   (no gloves)
MR       .....                  (no boots)
Stlth    ..........             (no amulet)
HPRegen  0.11/turn              b - +1 ring of slaying
MPRegen  0.10/turn              (no ring)

@: no status effects
A: negative energy resistance 1, electricity resistance, unbreathing,
petrification resistance, rot immunity, AC +4
a: Depart the Abyss, Bend Space, Renounce Religion


You were on level 3 of the Dungeon.
You worshipped Lugonu.
Lugonu was pleased with you.
You were hungry.

You visited 1 branch of the dungeon, and saw 3 of its levels.
You visited the Abyss 1 time.

You collected 91 gold pieces.

Inventory:

Hand Weapons
 a - a +1 hand axe (weapon)
Armour
 d - a +0 plate armour (worn)
Jewellery
 b - a +1 ring of slaying (left hand)
 p - a +5 ring of strength {unknown}
Scrolls
 h - a scroll of remove curse {unknown}
 l - 2 scrolls of teleportation {unknown}
 m - a scroll of noise {unknown}
 n - 3 scrolls of identify {unknown}
 q - a scroll of immolation {unknown}
 s - a scroll of amnesia {unknown}
Potions
 e - a potion of might {unknown}
 f - 3 potions of heal wounds {unknown}
 g - a potion of degeneration {unknown}
 i - a potion of lignification {unknown}
 j - a potion of cancellation {unknown}
 k - a potion of brilliance {unknown}
 o - a potion of mutation {unknown}
Comestibles
 c - 8 rations


   Skills:
 + Level 4.0 Fighting
 * Level 3.3 Axes
 + Level 3.3 Armour
 * Level 2.3 Dodging
 + Level 3.0 Invocations


You had 4 spell levels left.
You didn't know any spells.
Your spell library contained the following spells:

 Spells                   Type           Power        Failure   Level  Hunger
 Magic Dart               Conj           #...         100%        1    ##.....
 Conjure Flame            Conj/Fire      #.......     100%        3    ####...
 Slow                     Hex            #.......     100%        2    ###....
 Mephitic Cloud           Conj/Pois/Air  #.......     100%        3    ####...
 Blink                    Tloc           N/A          100%        2    ###....
 Call Imp                 Summ           #.......     100%        2    ###....


Dungeon Overview and Level Annotations

Branches:
Dungeon (3/15)

Altars:
Ashenzari
Nemelex Xobeh
Sif Muna
Vehumet
Xom
Yredelemnul
Zin


Innate Abilities, Weirdness & Mutations

You are resistant to torment.
Your stone body is resilient. (AC +4)
You are immune to poison.
You resist negative energy. (rN+)
You are resistant to electric shocks. (rElec)
You can survive without breathing.
You are immune to petrification.
You are immune to rotting.


Message History

You hit the gnoll.
The gnoll is heavily wounded.
The gnoll hits you with a halberd!
You are too injured to fight recklessly!
You are too injured to fight recklessly!
You are too injured to fight recklessly!
Your plate armour prevents you from hitting the gnoll.
The gnoll is heavily wounded.
The gnoll hits you with a halberd!
* * * LOW HITPOINT WARNING * * *
Your plate armour prevents you from hitting the gnoll.
The gnoll is heavily wounded.
The gnoll barely misses you.
You hit the gnoll.
The gnoll is severely wounded.
The gnoll hits you but does no damage.
You closely miss the gnoll.
The gnoll is severely wounded.
The gnoll hits you with a halberd!
You die...

####<#..# #.# #.##.
.....#..# #.# #.##.
######..# #.# #.##.
######..#### #.#
#.##. #..........# #.
#.......##.# #.
#..####.##.# #
#..####.##.#######.##
........##.%...)@g..#
#..###############..#
#..# .... #..# ###
.... #..#######.##
... #...........## ##
#)######.....##
..............#
..######....).# #


You could see a gnoll.

Vanquished Creatures
  Jessica (D:3)
  6 gnolls (D:3)
  6 adders
  2 worms
  2 dart slugs (D:1)
  4 leopard geckos
  2 orcs (D:3)
  8 bats
  5 giant cockroaches
  5 goblins
  9 hobgoblins
  4 jackals (D:2)
  A ball python (D:1)
  4 frilled lizards
  5 kobolds
  8 rats
72 creatures vanquished.

Notes
Turn   | Place    | Note
-------+----------+-------------------------------------------
     0 | Abyss:1  | Borgoz the Gargoyle Abyssal Knight began the quest for the Orb.
     0 | Abyss:1  | Reached XP level 1. HP: 14/14 MP: 2/2
    66 | Abyss:3  | Noticed an orb spider
    69 | D:1      | Escaped the Abyss
   172 | D:1      | Reached skill level 1 in Dodging
   324 | D:1      | Reached XP level 2. HP: 19/19 MP: 3/3
   429 | D:1      | Reached * piety under Lugonu
   581 | D:1      | Reached XP level 3. HP: 23/23 MP: 4/4
   990 | D:2      | Reached XP level 4. HP: 28/28 MP: 5/5
  1343 | D:2      | Reached ** piety under Lugonu
  1592 | D:3      | Found a shimmering altar of Xom.
  1595 | D:3      | Noticed an angel
  1601 | D:3      | Found a glowing silver altar of Zin.
  1806 | D:3      | Reached XP level 5. HP: 29/33 MP: 6/6
  1862 | D:3      | Noticed Jessica
  1948 | D:3      | Killed Jessica
  1957 | D:3      | Found a deep blue altar of Sif Muna.
  2051 | D:3      | Found a radiant altar of Vehumet.
  2052 | D:3      | Found a basalt altar of Yredelemnul.
  2052 | D:3      | Found a sparkling altar of Nemelex Xobeh.
  2062 | D:3      | Found a shattered altar of Ashenzari.
  2296 | D:3      | Reached skill level 4 in Fighting
  2303 | D:3      | Mangled by a gnoll

Vault maps used:
D:1:      nagdon_arrival_double_spiral, st_stairs_12
D:3:      grunt_temple_overflow_order_and_chaos_1, tgw_sif,
          nicolae_overflow_quartered_altars
Abyss:3:  nicolae_abyss_rune_star_stuff, evilmike_abyss_exit_10

Skill      XL: |  1  2  3  4  5 |
---------------+----------------+-----
Axes           | 2 3 |  3.3
Dodging        | 1 2 |  2.3
Armour         | 3 |  3.3
Invocations    | 3 |  3.0
Fighting       | 4 |  4.0

Action                   |  1- 3 |  4- 6 || total
-------------------------+-------+-------++-------
Melee: Hand axe          |   100 |   137 ||   237
Invok: Depart the Abyss  |     1 |       ||     1
  Eat: Chunk             |       |     4 ||     4
Armor: Plate armour      |   117 |   122 ||   239
Dodge: Dodged            |    30 |    39 ||    69

Table legend:
 A = Spawn XP
 B = Non-spawn XP
 C = Spawn XP percentage of total XP
 D = Spawn monster count
 E = Non-spawn monster count
 F = Spawn count percentage of total count
 G = Total turns spent on level
                    A         B        C        D         E        F      G
               +---------+---------+-------+---------+---------+-------+---------
         Total |       0 |     313 |   0.0 |       0 |      72 |   0.0 |  2303
               +---------+---------+-------+---------+---------+-------+---------
           D:1 |       0 |      38 |   0.0 |       0 |      21 |   0.0 |   666
           D:2 |       0 |      89 |   0.0 |       0 |      22 |   0.0 |   809
           D:3 |       0 |     186 |   0.0 |       0 |      29 |   0.0 |   759
               +---------+---------+-------+---------+---------+-------+---------
